 Dungeon Crawl Stone Soup version 0.13-a0-2236-g7be3fc8 (webtiles) character file.

352 4tharraofdagon the Firebug (level 6, 0/45 HPs)
             Began as a Gargoyle Fire Elementalist on July 4, 2013.
             Slain by a wight
             ... wielding a +0,+0 falchion
              (3 damage)
             ... on Level 6 of the Dungeon.
             The game lasted 00:06:30 (1595 turns).

4tharraofdagon the Firebug (GrFE)                   Turns: 1595, Time: 00:06:31

HP   0/45        AC  4     Str 11      XL: 6   Next: 13%
MP   4/11        EV 10     Int 18      God:
Gold 101         SH  0     Dex 10      Spells:  3 memorised,  1 level left

Res.Fire  : . . .   See Invis. : .   w - +2,+1 sabre (speed)
Res.Cold  : + . .   Warding    : .   i - +0 orc leather armour
Life Prot.: + . .   Conserve   : .   (no shield)
Res.Poison: .       Res.Corr.  : .   e - +0 helmet
Res.Elec. : .       Clarity    : .   (no cloak)
Sust.Abil.: . .     Spirit.Shd : .   (no gloves)
Res.Mut.  : .       Stasis     : .   (no boots)
Res.Rott. : .       Flight     : .   (no amulet)
Saprovore : . . .                    (no ring)
                                     (no ring)

@: slightly resistant to hostile enchantments, unstealthy
A: fangs 1, talons 2, cold resistance 1, life protection 1, slow metabolism 1,
petrification resistance, trample resistance
a: no special abilities


You were on level 6 of the Dungeon.
You were not hungry.

You visited 1 branch of the dungeon, and saw 6 of its levels.

You collected 81 gold pieces.

Inventory:

Hand weapons
 k - a +0,+0 flail
 o - a +2,+2 dagger of holy wrath (quivered)
 w - a +2,+1 sabre of speed (weapon)
Armour
 a - a +0 robe
 e - a +0 helmet (worn)
 i - a +0 orcish leather armour (worn)
Comestibles
 c - 2 bread rations
 h - 2 chunks of hobgoblin flesh
 l - a rotting chunk of giant newt flesh
 s - a rotting chunk of bat flesh
 t - a rotting chunk of bat flesh
 v - a rotting chunk of jackal flesh
Scrolls
 d - a scroll of remove curse {unknown}
 f - 2 scrolls of identify {unknown}
 g - a scroll of noise {unknown}
 j - a scroll of fog {unknown}
 q - a scroll of enchant weapon II {unknown}
 r - 2 scrolls of random uselessness {unknown}
 u - a scroll of fear {unknown}
Potions
 m - a potion of mutation {unknown}
 n - a potion of confusion {unknown}
 p - a potion of beneficial mutation {unknown}
 x - a potion of resistance {unknown}
 z - a potion of curing
Books
 b - a book of Flames

   Spells                             Type                      Level
   *Flame Tongue                      Conjuration/Fire             1
   Throw Flame                        Conjuration/Fire             2
   *Conjure Flame                     Conjuration/Fire             3
   Inner Flame                        Hexes/Fire                   3
   *Sticky Flame                      Conjuration/Fire             4
   Fireball                           Conjuration/Fire             5


   Skills:
 - Level 1.7 Dodging
 - Level 2.1 Stealth
 + Level 2.3 Spellcasting
 * Level 4.1 Conjurations
 * Level 4.3 Fire Magic


You had one spell level left.
You knew the following spells:

 Your Spells              Type           Power        Failure   Level  Hunger
a - Flame Tongue          Conj/Fire      ###..        3%          1    #......
b - Conjure Flame         Conj/Fire      ###.....     12%         3    ###....
c - Sticky Flame          Conj/Fire      ###.....     34%         4    #####..


Dungeon Overview and Level Annotations

Branches:
Dungeon (6/27)
 Temple: D:4-7          Orc: D:6-11

Altars:


Innate Abilities, Weirdness & Mutations

You have very sharp teeth.
You have razor-sharp toenails.
Your flesh is cold resistant.
You resist negative energy.
You have a slow metabolism.
You are immune to petrification.
You are resistant to trampling.


Message History

The kobold throws a dart.
The dart hits you!
* * * LOW HITPOINT WARNING * * *
A hobgoblin comes into view.
You see here a dart.
The hobgoblin shouts!
The giant frog misses you.
Drink which item? (? for menu, Esc to quit)
You feel better.
The giant frog hits you but does no damage.
The hound barely misses you.
The giant frog hits you but does no damage.
There is a stone staircase leading down here.
The hound bites you.
* * * LOW HITPOINT WARNING * * *
The giant frog hits you.
* * * LOW HITPOINT WARNING * * *
The hound bites you.
* * * LOW HITPOINT WARNING * * *
The wight hits you with a falchion.
You die...

######################
.............K.........
...........z.F@..g.....
............z(zh........
........<..............
.......................
...################### .


You could see a giant frog, a hound, 3 wights, a hobgoblin and a kobold.

Vanquished Creatures
  Eustachio (D:4)
  A hound (D:5)
  3 adders (D:2)
  A worm (D:3)
  A giant gecko (D:1)
  4 ball pythons
  4 bats
  A giant cockroach (D:3)
  2 goblins (D:2)
  5 hobgoblins
  4 jackals (D:3)
  4 giant newts
  2 giant newt skeletons (D:3)
  A goblin zombie (D:3)
  A jackal skeleton (D:3)
  5 kobolds
  A quokka (D:3)
  4 rats
45 creatures vanquished.

Notes
Turn   | Place    | Note
--------------------------------------------------------------
     0 | D:1      | 4tharraofdagon, the Gargoyle Fire Elementalist, began the quest for the Orb.
     0 | D:1      | Reached XP level 1. HP: 14/14 MP: 3/3
   182 | D:1      | Reached skill level 3 in Fire Magic
   182 | D:1      | Reached XP level 2. HP: 15/20 MP: 1/4
   422 | D:2      | Reached XP level 3. HP: 7/26 MP: 1/5
   493 | D:2      | Learned a level 3 spell: Conjure Flame
  1112 | D:3      | Reached XP level 4. HP: 33/33 MP: 2/7
  1357 | D:4      | Noticed Eustachio
  1372 | D:4      | Killed Eustachio
  1372 | D:4      | Reached skill level 4 in Conjurations
  1372 | D:4      | Reached XP level 5. HP: 36/38 MP: 4/9
  1447 | D:5      | Entered Level 5 of the Dungeon
  1478 | D:5      | Learned a level 4 spell: Sticky Flame
  1556 | D:5      | Reached XP level 6. HP: 34/45 MP: 0/11
  1570 | D:5      | Noticed an orc warrior
  1572 | D:5      | Noticed a phantom
  1595 | D:6      | Slain by a wight

Action                   |  1- 3 |  4- 6 || total
-------------------------+-------+-------++-------
Melee: Unarmed           |    14 |       ||    14
       Dagger            |     4 |       ||     4
       Flail             |     2 |    27 ||    29
       Sabre             |       |     3 ||     3
 Cast: Flame Tongue      |    50 |    19 ||    69
       Conjure Flame     |     1 |     3 ||     4
  Use: Potion            |     1 |     1 ||     2
